 Dungeon Crawl Stone Soup version 0.22-a0 (webtiles) character file.

795 CanOfBees the Digger (level 7, 0/36 HPs)
             Began as a Gargoyle Earth Elementalist on Dec 30, 2017.
             Was a Follower of Vehumet.
             Slain by Edmund
             ... wielding a +0 antimagic flail
              (5 damage)
             ... on level 5 of the Dungeon on Jan 1, 2018.
             The game lasted 00:16:50 (7270 turns).

CanOfBees the Digger (Gargoyle Earth Elementalist)  Turns: 7270, Time: 00:16:51

Health: 0/36       AC:  6    Str: 11    XL:     7   Next: 89%
Magic:  10/14      EV: 12    Int: 18    God:    Vehumet [*.....]
Gold:   255        SH:  0    Dex: 10    Spells: 5/16 levels left

rFire    . . .     SeeInvis .   t - +6 spear of Magnificence {flame, +Blink rElec}
rCold    . . .     Gourm    .   (no shield)
rNeg     + . .     Faith    .   c - +0 robe
rPois    ∞         Spirit   .   (no helmet)
rElec    +         Reflect  .   (no cloak)
rCorr    .         Harm     .   (no gloves)
MR       +....                  (no boots)
Stlth    +++.......             y - amulet of magic regeneration
HPRegen  0.12/turn              p - ring of protection from magic
MPRegen  0.39/turn              u - ring of stealth

@: no status effects
A: negative energy resistance 1, electricity resistance, unbreathing,
petrification resistance, rot immunity, AC +4
a: Renounce Religion, Evoke Blink


You were on level 5 of the Dungeon.
You worshipped Vehumet.
Vehumet was aware of your devotion.
You were not hungry.

You visited 2 branches of the dungeon, and saw 7 of its levels.

You collected 255 gold pieces.

Inventory:

Hand Weapons
 n - a +0 short sword
 o - a +1 falchion of electrocution
 t - the +6 spear of Magnificence (weapon) {flame, +Blink rElec}
   (You found it on level 4 of the Dungeon)

   It has been specially enchanted to burn those struck by it, causing extra
   injury to most foes and up to half again as much damage against particularly
   susceptible opponents.
   It insulates you from electricity.
   It lets you blink.
 v - a +1 hunting sling of flaming
Missiles
 b - 144 stones (quivered)
Armour
 c - a +0 robe (worn)
Magical Staves
 E - an uncursed staff of air
Jewellery
 d - an uncursed amulet of the gourmand
 p - a ring of protection from magic (left hand)
 u - a ring of stealth (right hand)
 w - an uncursed ring of see invisible
 y - an amulet of magic regeneration (around neck)
Wands
 q - a wand of flame (16)
 F - a wand of paralysis (10)
Scrolls
 f - a scroll of identify
 h - 5 scrolls of remove curse
 m - 3 scrolls of teleportation
 s - 2 scrolls of amnesia {unknown}
 x - a scroll of magic mapping {unknown}
 B - a scroll of enchant armour {unknown}
 C - a scroll of enchant weapon {unknown}
 G - a scroll of fear {unknown}
Potions
 a - 4 potions of curing {unknown}
 g - 3 potions of brilliance
 i - 3 potions of flight {unknown}
 k - 3 potions of might {unknown}
 l - a potion of mutation {unknown}
 r - 3 potions of degeneration {unknown}
 z - 3 potions of agility {unknown}
 A - a potion of resistance {unknown}
 H - a potion of heal wounds
Books
 e - a book of Geomancy

   Spells                             Type                      Level
   a - Sandblast                      Earth                        1
   b - Passwall                       Transmutation/Earth          2
   c - Stone Arrow                    Conjuration/Earth            3
   d - Petrify                        Transmutation/Earth          4
   e - Lee's Rapid Deconstruction     Earth                        5
Comestibles
 j - a ration
 D - 6 chunks of flesh


   Skills:
 - Level 1.5 Dodging
 - Level 2.1 Stealth
 + Level 5.3 Spellcasting
 * Level 5.1 Conjurations
 - Level 0.7 Transmutations
 + Level 6.3 Earth Magic


You had 5 spell levels left.
You knew the following spells:

 Your Spells              Type           Power        Failure   Level  Hunger
a - Sandblast             Erth           ####..       1%          1    None
b - Stone Arrow           Conj/Erth      ####..       3%          3    ##.....
c - Lee's Rapid Deconstr  Erth           ####......   26%         5    ######.
d - Passwall              Tmut/Erth      ###.......   4%          2    #......


Dungeon Overview and Level Annotations

Branches:
Dungeon (6/15)             Temple (1/1) D:4

Altars:
Ashenzari
Cheibriados
Dithmenos
Elyvilon
Fedhas
Gozag
Hepliaklqana
Kikubaaqudgha
Makhleb
Nemelex Xobeh
Okawaru
Qazlal
Ru
Sif Muna
Trog
Uskayaw
Vehumet
Wu Jian
Xom
Yredelemnul
Zin
The Shining One

Shops:
D:5 =

Annotations:
D:5 Edmund; arthad's ghost, novice GnFi


Innate Abilities, Weirdness & Mutations

You are resistant to torment.
Your stone body is resilient. (AC +4)
You are immune to poison.
You resist negative energy. (rN+)
You are resistant to electric shocks. (rElec)
You can survive without breathing.
You are immune to petrification.
You are immune to rotting.


Message History

Confirm with . or Enter, or press ? or * to list all spells.
Aiming: Sandblast
Press: ? - help, Shift-Dir - straight line, f/p - Edmund
Aim: Edmund, wielding an antimagic flail and wearing a shiny chain mail (lightly wounded)
The blast of sand hits Edmund.
Edmund is moderately wounded.
b - 144 stones Unknown command.
Your magical contamination has completely faded away.
Things that are here:
3 poisoned tomahawks; a whip; a club Arthad's ghost turns its malevolent gaze towards you.
You see here a poisoned tomahawk.
Arthad's ghost hits you!
There is a shaft here.
Edmund says, "You wouldn't believe how much I paid for this flail."
Arthad's ghost hits you!
* * * LOW HITPOINT WARNING * * *
Edmund hits you with an antimagic flail.
You die...

#.......# #.......# ####+##.#
###+##(# #####. #....)(#
@..... +..>...# ######
#......#### #.........#
#.@@......######
#..W......#....#
######....#....#
############### #.........#
W.............#####.........#
#######.......'...'.........#
#.......#####.........#
#.......# #.........#
#.......# #......####


You could see Edmund and arthad's ghost.

Vanquished Creatures
  An ogre (D:5)
  A crimson imp (D:6)
  3 orc priests (D:5)
  A jelly (D:5)
  3 orc wizards (D:5)
  A centaur skeleton (D:6)
  Jessica (D:3)
  Natasha (thrice) (D:4)
  4 worker ants
  12 gnolls
  An adder (D:5)
  A shadow imp (D:6)
  4 dart slugs
  4 worms
  2 leopard geckos
  15 orcs
  6 bats
  5 giant cockroaches
  9 goblins
  7 hobgoblins
  9 jackals
  A quokka (D:2)
  A ball python (D:5)
  9 frilled lizards
  9 kobolds
  A leopard gecko zombie (D:5)
  A quokka zombie (D:5)
  8 rats
123 creatures vanquished.

Notes
Turn   | Place    | Note
-------+----------+-------------------------------------------
     0 | D:1      | CanOfBees the Gargoyle Earth Elementalist began the quest for the Orb.
     0 | D:1      | Reached XP level 1. HP: 10/10 MP: 3/3
   479 | D:1      | Reached XP level 2. HP: 15/15 MP: 5/5
   928 | D:1      | Reached skill level 4 in Earth Magic
  1200 | D:1      | Reached XP level 3. HP: 11/19 MP: 7/7
  1336 | D:1      | Learned a level 3 spell: Stone Arrow
  2486 | D:2      | Reached skill level 1 in Conjurations
  2486 | D:2      | Reached XP level 4. HP: 24/24 MP: 1/8
  2886 | D:3      | Noticed Jessica
  2892 | D:3      | Killed Jessica
  3096 | D:3      | Reached XP level 5. HP: 28/28 MP: 8/10
  3114 | D:3      | HP: 1/28 [jackal (2)]
  3411 | D:2      | Upgraded the game from 0.21-a0-641-geef9d7f to 0.22-a0
  3929 | D:3      | Reached skill level 5 in Earth Magic
  4337 | D:3      | Reached XP level 6. HP: 26/32 MP: 6/12
  4613 | D:4      | Found a staircase to the Ecumenical Temple.
  4629 | Temple   | Entered the Ecumenical Temple
  4732 | Temple   | Became a worshipper of Vehumet
  4780 | D:4      | Got a transparent spear
  4838 | D:3      | Identified the +6 spear of Magnificence {flame, +Blink rElec} (You found it on level 4 of the Dungeon)
  4964 | D:4      | Found a white marble altar of Elyvilon.
  5336 | D:4      | Noticed Natasha
  5344 | D:4      | Learned a level 5 spell: Lee's Rapid Deconstruction
  5350 | D:4      | Killed Natasha
  5497 | D:4      | Found a shadowy altar of Dithmenos.
  5747 | D:4      | Noticed Natasha
  5883 | D:4      | Killed Natasha
  6049 | D:5      | Entered Level 5 of the Dungeon
  6049 | D:5      | Found a burning altar of Makhleb.
  6094 | D:5      | Learned a level 2 spell: Passwall
  6100 | D:5      | Noticed Edmund
  6125 | D:5      | Noticed arthad's ghost (novice GnFi)
  6509 | D:5      | Reached XP level 7. HP: 24/36 MP: 4/14
  6821 | D:4      | Noticed Natasha
  6826 | D:4      | Killed Natasha
  6879 | D:5      | You fall through a shaft!
  6972 | D:6      | Reached skill level 5 in Spellcasting
  7061 | D:5      | Found Rosaun's Jewellery Shop.
  7084 | D:5      | Reached * piety under Vehumet
  7084 | D:5      | Offered knowledge of Freeze by Vehumet.
  7084 | D:5      | Reached skill level 6 in Earth Magic
  7104 | D:5      | Reached skill level 5 in Conjurations
  7270 | D:5      | Slain by Edmund

Vault maps used:
D:1:      tarquinn_simple_flora_water_e, dk_noncrumbling_3, minivault_4,
          minmay_misc_feat_plants, minmay_tetromino_l2
D:3:      uniq_jessica
D:4:      nicolae_dithmenos_shadow_blocks, minmay_temple_entry_crystal_x,
          elyvilon_altar_5, uniq_natasha
D:5:      serial_shops, nicolae_shop_waterfront, first_ration, basic_altar,
          uniq_edmund
D:6:      portal_sewer_entry_e, serial_shops, shop
Temple:   kilobyte_greek_temple

Skill      XL: |  1  2  3  4  5  6  7 |
---------------+----------------------+-----
Earth Magic    | 4 5 6 |  6.3
Spellcasting   | 3 4 5 |  5.3
Conjurations   | 1 2 3 5 |  5.1
Dodging        | |  1.5
Stealth        | |  2.1
Transmutations | |  0.7

Action                   |  1- 3 |  4- 6 |  7- 9 || total
-------------------------+-------+-------+-------++-------
Melee: Unarmed           |    42 |       |       ||    42
       Dagger            |    88 |       |       ||    88
       Club              |    15 |       |       ||    15
       Falchion          |       |    77 |       ||    77
       Spear             |       |    25 |    26 ||    51
Throw: Stone             |       |     4 |     1 ||     5
 Cast: Sandblast         |    17 |    34 |    23 ||    74
       Stone Arrow       |     7 |    20 |    10 ||    37
       Lee's Rapid Decon |       |     1 |       ||     1
Evoke: Wand              |       |       |     2 ||     2
  Use: Scroll            |       |     3 |     2 ||     5
       Potion            |       |     1 |       ||     1
 Stab: Sleeping          |     3 |     2 |       ||     5
  Eat: Chunk             |     3 |    11 |     3 ||    17
       Ration            |     1 |     1 |       ||     2
Armor: Robe              |    56 |    55 |    13 ||   124
Dodge: Dodged            |    90 |   100 |    20 ||   210
       Rpst.: Falchion   |       |    30 |       ||    30

Table legend:
 A = Spawn XP
 B = Non-spawn XP
 C = Spawn XP percentage of total XP
 D = Spawn monster count
 E = Non-spawn monster count
 F = Spawn count percentage of total count
 G = Total turns spent on level
                    A         B        C        D         E        F      G
               +---------+---------+-------+---------+---------+-------+---------
         Total |       0 |    1136 |   0.0 |       0 |     123 |   0.0 |  7270
               +---------+---------+-------+---------+---------+-------+---------
           D:1 |       0 |      46 |   0.0 |       0 |      27 |   0.0 |  1933
           D:2 |       0 |      91 |   0.0 |       0 |      21 |   0.0 |  1377
           D:3 |       0 |     214 |   0.0 |       0 |      40 |   0.0 |  1362
           D:4 |       0 |     125 |   0.0 |       0 |       9 |   0.0 |  1426
           D:5 |       0 |     521 |   0.0 |       0 |      20 |   0.0 |   869
           D:6 |       0 |     139 |   0.0 |       0 |       6 |   0.0 |   161
               +---------+---------+-------+---------+---------+-------+---------
